 Dungeon Crawl Stone Soup version 0.18.1-8-gdd0e5ea (webtiles) character file.

3201 M4edhros the Bolt Thrower (level 10, -3/76 HPs)
             Began as a Formicid Hunter on June 5, 2016.
             Was a Priest of Okawaru.
             Slain by a wolf (4 damage)
             ... led by Grum
             ... on level 8 of the Dungeon.
             The game lasted 00:10:51 (7455 turns).

M4edhros the Bolt Thrower (Formicid Hunter)         Turns: 7455, Time: 00:10:53

Health: -3/76      AC: 10    Str: 21    XL:     10   Next: 17%
Magic:  0/10       EV: 12    Int:  7    God:    Okawaru [***...]
Gold:   122        SH:  0    Dex: 14    Spells: 2 memorised, 4 levels left

rFire  + . .     SeeInvis +     u - +6 dagger (venom) (curse)
rCold  + . .     Gourm    .     G - +3 scale mail
rNeg   . . .     Faith    .     (no shield)
rPois  +         Spirit   +     (helmet unavailable)
rElec  +         Dismiss  .     y - +0 cloak
rCorr  +         Reflect  .     (no gloves)
SustAt .         Harm     .     (no boots)
MR     ++...                    J - amulet of guardian spirit
Stlth  ++........               (no ring)
                                (no ring)

@: resistant, very slightly contaminated, invisible, very resistant to hostile
enchantments, unstealthy
A: permanent stasis, dig shafts and tunnels, four strong arms, antennae 3, magic
resistance 1, mutation resistance 1
a: Dig, Shaft Self, Heroism, Renounce Religion


You were on level 8 of the Dungeon.
You worshipped Okawaru.
Okawaru was most pleased with you.
You were not hungry.

You visited 2 branches of the dungeon, and saw 9 of its levels.

You collected 382 gold pieces.
You spent 260 gold pieces at shops.

Inventory:

Hand Weapons
 a - a +1 hand crossbow
 g - a +1 halberd of venom
 k - a +0 short sword
 s - a +0 scythe
 u - a cursed +6 dagger of venom (weapon)
 B - a +4 quarterstaff of chaos
Missiles
 d - 92 bolts
Armour
 c - a +0 leather armour
 l - a +1 robe of positive energy
 v - a +0 ring mail
 y - a +0 cloak (worn)
 G - a +3 scale mail (worn)
Jewellery
 J - an amulet of guardian spirit (around neck)
 M - a cursed -2 ring of intelligence {unknown}
 O - an uncursed ring of protection from fire {unknown}
Wands
 A - a wand of random effects (28/48)
 I - a wand of disintegration (8/24)
Scrolls
 b - 2 scrolls of blinking {unknown}
 i - a scroll of magic mapping {unknown}
 j - 5 scrolls of identify {unknown}
 m - 2 scrolls of immolation {unknown}
 n - 2 scrolls of recharging {unknown}
 q - 7 scrolls of remove curse
 x - 4 scrolls of teleportation {unknown}
 z - a scroll of enchant weapon {unknown}
 E - a scroll of noise {unknown}
 H - a scroll of summoning {unknown}
 L - a scroll of enchant armour {unknown}
 N - a scroll of brand weapon {unknown}
 R - a scroll of fear {unknown}
Potions
 e - a potion of cancellation
 h - 3 potions of degeneration
 p - a potion of invisibility
 r - a potion of ambrosia {unknown}
 t - a potion of resistance
 D - a potion of might {unknown}
 K - a potion of haste {unknown}
 Q - 2 potions of brilliance {unknown}
Books
 C - a book of Minor Magic

   Spells                             Type                      Level
   a - Magic Dart                     Conjuration                  1
   b - Blink                          Translocation                2
   c - Call Imp                       Summoning                    2
   d - Repel Missiles                 Charms/Air                   2
   e - Slow                           Hexes                        2
   f - Conjure Flame                  Conjuration/Fire             3
   g - Mephitic Cloud                 Conjuration/Poison/Air       3
Comestibles
 f - 4 bread rations
 o - 4 meat rations
 w - 2 beef jerkies
 F - 4 fruits
 P - a slice of pizza


   Skills:
 + Level 6.3 Fighting
 - Level 1.3 Short Blades
 * Level 7.4 Polearms
 - Level 7.9 Crossbows
 + Level 4.8 Dodging
 + Level 6.8 Stealth


You had 4 spell levels left.
You knew the following spells:

 Your Spells              Type           Power        Failure   Level  Hunger
a - Repel Missiles        Chrm/Air       #.....       99%         2    ###....
b - Mephitic Cloud        Conj/Pois/Air  #.......     100%        3    ####...


Dungeon Overview and Level Annotations

Branches:
Dungeon (8/15)             Temple (1/1) D:4
   Lair: D:8-11

Altars:
Ashenzari
Cheibriados
Dithmenos
Elyvilon
Fedhas
Gozag
Kikubaaqudgha
Makhleb
Nemelex Xobeh
Okawaru
Pakellas
Qazlal
Ru
Sif Muna
Trog
Vehumet
Xom
Yredelemnul
Zin
The Shining One

Shops:
D:7 }

Annotations:
D:4 Pikel
D:8 Grum


Innate Abilities, Weirdness & Mutations

You are under a permanent stasis effect.
You can dig through walls and to a lower floor.
Your four strong arms can wield two-handed weapons with a shield.
You have a pair of large antennae on your head (SInv).
You are resistant to hostile enchantments.
You are somewhat resistant to further mutation.


Message History

* * * LOW HITPOINT WARNING * * *
Drink which item? (? for menu, Esc to quit)
You fade into invisibility!
The wolf bites you but does no damage. The wolf bites you!
* * * LOW HITPOINT WARNING * * *
The wolf bites you but does no damage. The wolf bites you.
* * * LOW HITPOINT WARNING * * *
Grum barely misses you.
Unknown command.
The wolf bites you but does no damage. The wolf bites you!
* * * LOW HITPOINT WARNING * * *
Drink which item? (? for menu, Esc to quit)
It was a potion of resistance.
You feel protected.
You kill the wolf!
Okawaru accepts your kill. The wolf bites you.
* * * LOW HITPOINT WARNING * * *
The wolf bites you.
You die...

#......
#..................
#.....#
#..................
#.....#
#...........)......
#.....#
#[.........<....... #.#
##..##..##..###.###
##.#######..##..##..###.#
#.......#...............#
{
+.......gh..............#
#.(.....#.@.............#
#########################


You could see Grum and a wolf.

Vanquished Creatures
  Prince Ribbit (D:8)
  Sigmund (D:4)
  Eustachio (D:4)
  A hippogriff (D:7)
  An ice beast (D:5)
  2 orc warriors
  A sky beast (D:6)
  A phantom (D:5)
  5 ogres
  2 wolves (D:8)
  A centaur (D:8)
  2 giant frogs
  A wyvern skeleton (D:6)
  2 scorpions
  5 howler monkeys
  A crimson imp (D:6)
  2 centaur zombies
  3 orc priests (D:7)
  5 hounds
  7 orc wizards
  Crazy Yiuf (D:3)
  Jessica (D:2)
  Ijyb (D:2)
  2 iguanas
  2 worker ants
  A hound zombie (D:6)
  2 hound skeletons
  3 gnolls (D:7)
  8 adders
  2 shadow imps (D:6)
  6 oozes
  An adder zombie (D:6)
  A worm (D:2)
  A dart slug (D:2)
  4 giant geckos
  16 orcs
  5 ball pythons
  6 giant cockroaches
  9 goblins
  10 hobgoblins
  6 jackals
  3 quokkas
  7 bats
  A giant gecko zombie (D:5)
  3 giant newts
  A jackal skeleton (D:5)
  7 kobolds
  9 rats
  2 fungi (D:3)
166 creatures vanquished.

Notes
Turn   | Place    | Note
--------------------------------------------------------------
     0 | D:1      | M4edhros the Formicid Hunter began the quest for the Orb.
     0 | D:1      | Reached XP level 1. HP: 16/16 MP: 1/1
    19 | D:1      | Reached XP level 2. HP: 17/22 MP: 2/2
   131 | D:1      | Reached XP level 3. HP: 10/27 MP: 3/3
   472 | D:1      | Reached skill level 5 in Crossbows
   828 | D:1      | Reached XP level 4. HP: 33/33 MP: 4/4
   973 | D:2      | Noticed Ijyb
   979 | D:2      | Killed Ijyb
  1310 | D:4      | Noticed Eustachio
  1323 | D:4      | Killed Eustachio
  1323 | D:4      | Reached XP level 5. HP: 38/38 MP: 5/5
  1323 | D:4      | Reached XP level 6. HP: 44/44 MP: 6/6
  1377 | D:4      | Noticed Sigmund
  1381 | D:4      | Killed Sigmund
  1381 | D:4      | Reached XP level 7. HP: 50/50 MP: 7/7
  1401 | D:4      | Found a staircase to the Ecumenical Temple.
  1410 | Temple   | Entered the Ecumenical Temple
  1417 | Temple   | Became a worshipper of Warmaster Okawaru
  1965 | D:2      | Noticed Jessica
  1969 | D:2      | Killed Jessica
  2479 | D:3      | Reached skill level 1 in Short Blades
  2894 | D:3      | Noticed Crazy Yiuf
  2903 | D:3      | Killed Crazy Yiuf
  2903 | D:3      | Reached skill level 1 in Polearms
  3123 | D:4      | Learned a level 2 spell: Repel Missiles
  3127 | D:4      | Learned a level 3 spell: Mephitic Cloud
  3373 | D:4      | Noticed Pikel
  3899 | D:5      | Entered Level 5 of the Dungeon
  4090 | D:5      | Reached XP level 8. HP: 34/58 MP: 8/8
  4337 | D:5      | Found a sacrificial altar of Ru.
  4487 | D:5      | Reached * piety under Okawaru
  4619 | D:5      | Found a sparkling altar of Nemelex Xobeh.
  5118 | D:6      | Gained mutation: You are somewhat resistant to further mutation. [mutagenic meat]
  5119 | D:6      | Gained mutation: Your body sometimes deteriorates upon taking damage. [mutagenic meat]
  5120 | D:6      | Gained mutation: You are weak. (Str -2) [mutagenic meat]
  5324 | D:6      | Reached XP level 9. HP: 58/66 MP: 7/9
  5340 | D:6      | Reached ** piety under Okawaru
  5340 | D:6      | Reached skill level 5 in Stealth
  5529 | D:6      | Reached skill level 5 in Polearms
  5805 | D:7      | Reached skill level 5 in Fighting
  6498 | D:7      | Found Sucrapta's Gadget Shoppe.
  6507 | D:7      | Bought an ornate deck of wonders for 260 gold pieces
  6509 | D:7      | Drew Focus: Str increased to 19, Int decreased to 9
  6511 | D:7      | Lost mutation: You are weak. (Str -2) [helix card]
  6515 | D:7      | Drew Focus: Str increased to 20, Int decreased to 8
  6516 | D:7      | Drew Focus: Str increased to 21, Int decreased to 7
  6517 | D:7      | Lost mutation: Your body sometimes deteriorates upon taking damage. [helix card]
  6517 | D:7      | Gained mutation: You are resistant to hostile enchantments. [helix card]
  7177 | D:8      | Noticed Prince Ribbit
  7197 | D:8      | Killed Prince Ribbit
  7224 | D:8      | Reached *** piety under Okawaru
  7233 | D:8      | Reached XP level 10. HP: 67/76 MP: 10/10
  7428 | D:8      | Noticed Grum
  7454 | D:8      | HP: 3/76 [wolf[Grum] (6)]
  7455 | D:8      | HP: 1/76 [wolf[Grum] (2)]
  7455 | D:8      | Slain by a wolf

Skill      XL: |  1  2  3  4  5  6  7  8  9 10 |
---------------+-------------------------------+-----
Crossbows      | 5 7 |  7.9
Stealth        | 3 4 6 |  6.8
Short Blades   | 1 |  1.3
Polearms       | 2 4 6 7 |  7.4
Dodging        | 2 3 4 |  4.8
Fighting       | 3 4 5 6 |  6.3

Action                   |  1- 3 |  4- 6 |  7- 9 | 10-12 || total
-------------------------+-------+-------+-------+-------++-------
Melee: Short sword       |    29 |       |       |       ||    29
       Dagger            |       |       |   392 |    47 ||   439
 Fire: Hand crossbow     |    59 |    36 |    19 |       ||   114
Evoke: Deck              |       |       |    11 |       ||    11
       Wand              |       |       |       |     1 ||     1
  Use: Scroll            |     1 |       |     1 |       ||     2
       Potion            |       |       |     5 |     4 ||     9
 Stab: Sleeping          |       |       |     5 |       ||     5
  Eat: Chunk             |       |     1 |    24 |     1 ||    26
Armor: Leather armour    |     8 |       |       |       ||     8
       Robe              |    10 |     1 |     6 |       ||    17
       Scale mail        |       |       |   145 |    35 ||   180
       Ring mail         |       |       |    14 |       ||    14
Dodge: Dodged            |    35 |     4 |   219 |    59 ||   317
